 Dungeon Crawl Stone Soup version 0.29.0-4-gdea44cf6ec (webtiles) character file.

Game seed: 5690754255131320582

135 qw the Chopper (level 5, -8/30 HPs)
             Began as a Tengu Warper on Aug 28, 2022.
             Mangled by Sigmund
             ... wielding a +0 scythe
              (9 damage)
             ... on level 3 of the Dungeon.
             The game lasted 00:00:15 (2774 turns).

qw the Chopper (Tengu Warper)                       Turns: 2774, Time: 00:00:16

Health: -8/30      AC:  7    Str: 13    XL:     5   Next: 18%
Magic:  9/9        EV: 14    Int: 14    God:
Gold:   121        SH:  0    Dex: 13    Spells: 8/8 levels left

rFire   . . .      SeeInvis .   Y - +0 hand axe
rCold   . . .      Faith    .   (no shield)
rNeg    . . .      Spirit   .   b - +0 leather armour
rPois   .          Reflect  .   (helmet restricted)
rElec   .          Harm     .   (no cloak)
rCorr   .          Rampage  .   (no gloves)
Will    .....                   (boots unavailable)
Stlth   +.........              (no amulet)
HPRegen 0.10/turn               d - +4 ring of protection
MPRegen 0.11/turn               (no ring)

@: flying quickly and evasively, quick
A: beak, talons 3, nimble flight
a: no special abilities


You were on level 3 of the Dungeon.
You visited 1 branch of the dungeon, and saw 3 of its levels.

You collected 121 gold pieces.


Innate Abilities, Weirdness & Mutations

You have a beak for a mouth.
You have claws for feet.
Your magical nature lets you fly swiftly and evasively.


   Skills:
 - Level 2.0 Fighting
 + Level 5.7 Axes
 - Level 1.0 Throwing
 - Level 1.1 Armour
 - Level 2.1 Dodging
 - Level 2.0 Spellcasting
 - Level 2.4 Translocations


You had 8 spell levels left.
You didn't know any spells.
Your spell library contained the following spells:

 Spells                   Type           Power      Damage    Failure   Level
 Blink                    Tloc           16%        N/A       17%         2
 Gell's Gravitas          Tloc           8%         N/A       34%         3
 Lesser Beckoning         Tloc           8%         N/A       34%         3
 Teleport Other           Tloc           8%         N/A       34%         3
 Manifold Assault         Tloc           8%         N/A       97%         5

Inventory:

Hand Weapons
 f - a +0 whip
 Y - a +0 hand axe (weapon)
Armour
 b - a +0 leather armour (worn)
Jewellery
 d - a +4 ring of protection (left hand)
Scrolls
 a - a scroll of identify
 c - a scroll of enchant weapon {unknown}
 j - 2 scrolls of fog {unknown}
Potions
 e - a potion of haste
 g - 2 potions of heal wounds
 h - a potion of flight {unknown}
 i - a potion of lignification {unknown}

Dungeon Overview and Level Annotations

Branches:
Dungeon (3/15)

Altars:

Annotations:
D:3 Sigmund


Message History

Sigmund says, "Don't worry, I'll kill you fast."
An orc comes into view. It is wielding a +0 flail.
Sigmund gestures at you while chanting.
You are confused.
You bump into the rock wall.
Sigmund closely misses you.
Sigmund mumbles some strange words.
Sigmund flickers and vanishes!
Deactivating autopickup; reactivate with Ctrl-A.
Something barely misses you.
You bump into the rock wall.
The orc completely misses you.
You bump into the rock wall.
The orc barely misses you. Something hits you but does no damage.
The orc hits you but does no damage.
You closely miss something. Your peck misses something. You miss the orc.
You hear some strange, mumbled words.
A puff of flame appears from out of thin air!
The puff of flame hits you! The orc closely misses you.
You feel less confused. Something barely misses you.
The orc hits you but does no damage.
You hit the orc but do no damage. Something hits you.
The orc completely misses you.
You barely miss the orc. Your kick misses the orc. The orc barely misses you.
You barely miss the orc. You claw the orc.
You kill the orc!
Something hits you but does no damage.
You see here a +0 scale mail.
You swing at nothing.
Something hits you but does no damage.
You swing at nothing.
You swing at nothing.
Something hits you.
You swing at nothing.
A magic dart appears from out of thin air!
The magic dart hits you!
You swing at nothing.
Something hits you!
You die...

## #..
# #.#
.#
#.##.#
#.@..#
#..###
#.{#
#).#
#..#
#..#
.#
#..#
#.#
#..##
#.#
#...#
#.#


There were no monsters in sight!

Vanquished Creatures
  A scorpion (D:3)
  An adder (D:2)
  A worm (D:2)
  4 dart slugs
  An orc (D:3)
  6 ball pythons
  3 bats (D:1)
  4 endoplasms
  3 giant cockroaches
  5 goblins
  3 hobgoblins
  2 jackals (D:1)
  2 quokkas
  12 frilled lizards
  5 kobolds
  5 rats
58 creatures vanquished.

Vanquished Creatures (others)
  7 plants (D:2)
7 creatures vanquished.

Grand Total: 65 creatures vanquished

Notes
Turn   | Place    | Note
-------+----------+-------------------------------------------
     0 | D:1      | qw the Tengu Warper began the quest for the Orb.
     0 | D:1      | Reached XP level 1. HP: 12/12 MP: 4/4
     0 | D:1      | 0 ||| qw: Version: 0.1-a-89-g26bdef1
     0 | D:1      | 0 ||| qw: Game counter: 1891
     0 | D:1      | 0 ||| qw: Always use a shield: true
     0 | D:1      | 0 ||| qw: God list: Okawaru
     0 | D:1      | 0 ||| qw: Allow faded altars: false
     0 | D:1      | 0 ||| qw: Do Orc after D:15 true
     0 | D:1      | 0 ||| qw: Do second Lair branch before Depths: true
     0 | D:1      | 0 ||| qw: Lair rune preference: random
     0 | D:1      | 0 ||| qw: Plans: Normal
     0 | D:1      | 0 ||| PLANNING D:1-11
   128 | D:1      | Reached skill level 3 in Axes
   128 | D:1      | Reached XP level 2. HP: 5/17 MP: 6/6
   366 | D:1      | 366 ||| Stepping ~*~*~tactically~*~*~ (stealth).
   496 | D:1      | 496 ||| DROPPING +0 club.
   713 | D:1      | 713 ||| Stepping ~*~*~tactically~*~*~ (stealth).
   714 | D:1      | 714 ||| Stepping ~*~*~tactically~*~*~ (stealth).
   720 | D:1      | 720 ||| Stepping ~*~*~tactically~*~*~ (stealth).
   724 | D:1      | Reached XP level 3. HP: 21/21 MP: 7/7
   883 | D:1      | Reached skill level 4 in Axes
   968 | D:1      | Found a faded altar of an unknown god.
  1274 | D:1      | 1274 ||| UPGRADING to +4 ring of protection.
  1275 | D:1      | 1275 ||| READING 2 scrolls labelled HUGGAO OVOCUG.
  1276 | D:1      | 1276 ||| DROPPING scroll of blinking.
  1334 | D:2      | 1334 ||| STAIRDANCE
  1689 | D:2      | 1689 ||| FLEEEEING.
  1690 | D:2      | 1690 ||| FLEEEEING.
  1691 | D:2      | 1691 ||| FLEEEEING.
  1692 | D:2      | 1692 ||| FLEEEEING.
  1693 | D:2      | 1693 ||| FLEEEEING.
  1694 | D:2      | 1694 ||| FLEEEEING.
  1695 | D:2      | 1695 ||| FLEEEEING.
  1696 | D:2      | 1696 ||| FLEEEEING.
  1697 | D:2      | 1697 ||| FLEEEEING.
  1698 | D:2      | 1698 ||| FLEEEEING.
  1699 | D:2      | 1699 ||| FLEEEEING.
  1700 | D:2      | 1700 ||| FLEEEEING.
  1735 | D:2      | 1735 ||| Stepping ~*~*~tactically~*~*~ (stealth).
  1750 | D:2      | 1750 ||| Stepping ~*~*~tactically~*~*~ (stealth).
  1910 | D:2      | 1910 ||| Stepping ~*~*~tactically~*~*~ (hiding).
  2007 | D:2      | 2007 ||| Stepping ~*~*~tactically~*~*~ (stealth).
  2013 | D:2      | 2013 ||| Stepping ~*~*~tactically~*~*~ (hiding).
  2022 | D:2      | Reached XP level 4. HP: 26/26 MP: 8/8
  2304 | D:2      | 2304 ||| Stepping ~*~*~tactically~*~*~ (stealth).
  2413 | D:2      | 2413 ||| READING scroll labelled ALIAC TIFILL.
  2417 | D:2      | 2417 ||| READING scroll labelled XUTO SYDU QENK.
  2418 | D:2      | 2418 ||| READING scroll labelled NUHUX CASU.
  2419 | D:2      | 2419 ||| READING 3 scrolls of identify.
  2419 | D:2      | 2419 ||| IDENTIFYING pink potion
  2420 | D:2      | 2420 ||| READING 2 scrolls of identify.
  2420 | D:2      | 2420 ||| IDENTIFYING cyan potion
  2524 | D:3      | Noticed a scorpion
  2534 | D:3      | Killed a scorpion
  2535 | D:3      | Reached skill level 5 in Axes
  2535 | D:3      | Gained mutation: Your magical nature lets you fly swiftly
                  | and evasively. [Tengu growth]
  2535 | D:3      | Reached XP level 5. HP: 26/30 MP: 9/9
  2675 | D:3      | 2675 ||| Stepping ~*~*~tactically~*~*~ (stealth).
  2677 | D:3      | 2677 ||| Stepping ~*~*~tactically~*~*~ (stealth).
  2753 | D:3      | Noticed Sigmund
  2773 | D:3      | HP: 1/30 [something/magic dart (9)]
  2774 | D:3      | Mangled by Sigmund

Levels and vault maps discovered:
D:1:      kilobyte_arrival_exit_the_forest, layout_rooms,
          shapermc_ecumenical_altar_mp_vishouse
D:2:      layout_loops_ring, minmay_lizard_king
D:3:      layout_loops_ring, minmay_hedge_maze, uniq_sigmund

Skill      XL: |  1  2  3  4 |
---------------+-------------+-----
Axes           | 3 4 5 |  5.7
Fighting       | |  2.0
Throwing       | |  1.0
Armour         | |  1.1
Dodging        | |  2.1
Spellcasting   | |  2.0
Translocations | |  2.4

Action                   |  1- 3 |  4- 6 || total
-------------------------+-------+-------++-------
Melee: Hand axe          |    98 |    40 ||   138
       Kick              |    26 |    14 ||    40
       Peck              |     8 |     3 ||    11
       Punch             |     1 |       ||     1
Throw: Boomerang         |     7 |       ||     7
  Use: Scroll            |     1 |     5 ||     6
Armor: Leather armour    |    27 |    13 ||    40
Dodge: Dodged            |    54 |    25 ||    79

Table legend:
 A = Non-vault XP
 B = Vault XP
 C = Vault XP percentage of total XP
 D = Non-vault monster count
 E = Vault monster count
 F = Vault count percentage of total count
                 A         B        C        D         E       F
            +---------+---------+-------+---------+---------+-------
      Total |     184 |      10 |   5.2 |      48 |      10 |  17.2
            +---------+---------+-------+---------+---------+-------
        D:1 |      48 |       0 |   0.0 |      26 |       0 |   0.0
        D:2 |      39 |      10 |  20.4 |      12 |      10 |  45.5
        D:3 |      97 |       0 |   0.0 |      10 |       0 |   0.0
            +---------+---------+-------+---------+---------+-------
